 Dungeon Crawl Stone Soup version 0.16-a0-51-g3cd7026 (webtiles) character file.

2479 PolkaDot the Jinx (level 9, -3/57 HPs)
             Began as a Vampire Enchanter on Aug 6, 2014.
             Was a Follower of Kikubaaqudgha.
             Slain by a gnoll
             ... wielding a +1 halberd of electrocution
              (19 damage)
             ... in a bailey.
             The game lasted 00:38:58 (9186 turns).

PolkaDot the Jinx (Vampire Enchanter)               Turns: 9186, Time: 00:38:59

HP  -3/57        AC  4     Str  7      XL: 9   Next: 27%
MP  14/14        EV 12     Int 20      God: Kikubaaqudgha [*.....]
Gold 259         SH  0     Dex 14      Spells:  4 memorised,  2 levels left

rFire  . . .     SeeInvis +     a - +1 dagger
rCold  + + .     Clarity  .     b - +2 robe
rNeg   + + +     rCorr    .     (no shield)
rPois  +         rRot     +     (no helmet)
rElec  .         Spirit   .     (no cloak)
SustAb .         Warding  .     (no gloves)
rMut   +         Stasis   .     (no boots)
Gourm  .                        w - amulet of resist mutation
MR     .....                    (no ring)
                                i - ring of invisibility

@: regenerating slowly, not resistant to hostile enchantments, very stealthy
A: bottle blood, fangs 3, see invisible, unbreathing
a: Bat Form, Bottle Blood, Receive Corpses, Renounce Religion, Evoke
Invisibility


You were in a bailey.
You worshipped Kikubaaqudgha.
Kikubaaqudgha was aware of your devotion.
You were near bloodless.

You visited 2 branches of the dungeon, and saw 8 of its levels.
You also visited: Bailey.

You collected 259 gold pieces.

Inventory:

Hand weapons
 a - a +1 dagger (weapon)
 p - a +1 antimagic dagger
Missiles
 q - 4 throwing nets (quivered)
Armour
 b - a +2 robe (worn)
Scrolls
 d - a scroll of fear {unknown}
 e - a scroll of fog
 f - 2 scrolls of amnesia
 h - a scroll of enchant weapon {unknown}
 k - a scroll of enchant armour
 l - a scroll of immolation
 m - a scroll of remove curse
 n - a scroll of blinking {unknown}
 o - a scroll of recharging {unknown}
 s - a scroll of teleportation
Jewellery
 i - a ring of invisibility (left hand)
 w - an amulet of resist mutation (around neck)
Potions
 g - a potion of resistance
 j - a potion of flight
 t - a potion of magic
 u - a potion of poison {unknown}
 v - 3 potions of heal wounds {unknown}
 x - a potion of invisibility {unknown}
Books
 c - a book of Maledictions

   Spells                             Type                      Level
   *Corona                            Hexes                        1
   Sure Blade                         Hexes/Charms                 2
   *Ensorcelled Hibernation           Hexes/Ice                    2
   *Confuse                           Hexes                        3
   Dazzling Spray                     Conjuration/Hexes            3
   *Enslavement                       Hexes                        4
 r - Kikubaaqudgha's Disquisition on Darkness {god gift}
   (Kikubaaqudgha gifted it to you in a bailey)

   Spells                             Type                      Level
   Pain                               Necromancy                   1
   Corpse Rot                         Necromancy                   2
   Sublimation of Blood               Necromancy                   2
   Regeneration                       Charms/Necromancy            3
   Control Undead                     Necromancy                   4


   Skills:
 - Level 7.7 Short Blades
 - Level 2.1 Dodging
 + Level 10.6 Stealth
 - Level 2.0 Spellcasting
 + Level 11.3 Hexes
 - Level 1.2 Ice Magic
 * Level 2.8 Evocations


You had 2 spell levels left.
You knew the following spells:

 Your Spells              Type           Power        Failure   Level  Hunger
a - Corona                Hex            #####..      1%          1    #......
c - Confuse               Hex            #####...     1%          3    ###....
d - Ensorcelled Hibernat  Hex/Ice        ####..       1%          2    ##.....
e - Enslavement           Hex            #####...     1%          4    #####..


Dungeon Overview and Level Annotations

Branches:
Dungeon (7/15)             Temple (1/1) D:6

Altars:
Ashenzari
Cheibriados
Dithmenos
Elyvilon
Fedhas
Gozag
Kikubaaqudgha
Makhleb
Nemelex Xobeh
Okawaru
Qazlal
Sif Muna
Trog
Vehumet
Xom
Yredelemnul
Zin
The Shining One


Innate Abilities, Weirdness & Mutations

You heal slowly.
You can bottle blood from corpses.
You have razor-sharp teeth.
You have supernaturally acute eyesight.
You can survive without breathing.


Message History

Aiming: Ensorcelled Hibernation
Press: ? - help, Shift-Dir - straight line, f - gnoll
Aim: a gnoll, wielding a halberd of electrocution The gnoll struggles to resist.
* * * LOW MAGIC WARNING * * *
The gnoll barely misses you.
Casting: Ensorcelled Hibernation
Confirm with . or Enter, or press ? or * to list all spells.
Aiming: Ensorcelled Hibernation
Press: ? - help, Shift-Dir - straight line, f/p - gnoll
Aim: a gnoll, wielding a halberd of electrocution The gnoll struggles to resist.
* * * LOW MAGIC WARNING * * *
Drink which item? (? for menu, Esc to quit)
Magic courses through your body.
The gnoll hits you from afar with a halberd of electrocution.
* * * LOW HITPOINT WARNING * * *
You are electrocuted!
You die...
Kikubaaqudgha rasps: "You have failed me!
Welcome... oblivion!" ##### ### ### #(@(###.###.# #g###'##'##'## gg#

##.....##
....
###.....###
'..⌠.
#.'..⌠..'.#
.!..
###.....###
.. #
##....(## '
#g#
#+##'##)##
#g#)###.###(#


You could see 2 gnolls and a hobgoblin.

Vanquished Creatures
  An orc knight (Bailey)
  The ghost of notcluie the Bolt Thrower, an experienced TeHu of Okawaru (D:6)
  An ice beast (D:5)
  3 sky beasts
  2 phantoms
  2 ogres
  A centaur (D:7)
  2 killer bees (D:5)
  A crimson imp (D:5)
  A giant frog zombie (D:5)
  2 goliath beetles
  A centaur skeleton (D:6)
  A jelly (D:6)
  3 orc priests
  2 hounds (D:5)
  2 orc wizards
  6 worker ants
  Ijyb (D:4)
  The ghost of Bloax the Cutter, a weakling VSGl of Cheibriados (D:4)
  15 adders
  9 gnolls (Bailey)
  A giant mite (D:5)
  2 worms
  An adder skeleton (D:6)
  An orc skeleton (D:4)
  4 giant geckos
  15 orcs
  2 ball pythons
  10 goblins
  22 hobgoblins
  7 jackals
  18 kobolds
  2 quokkas
  A ball python skeleton (D:6)
  13 bats
  3 giant cockroaches
  A giant gecko skeleton (D:4)
  4 giant newts
  A quokka zombie (D:5)
  14 rats
  A rat skeleton (D:6)
  A spectral orc (D:6)
182 creatures vanquished.

Vanquished Creatures (collateral kills)
  A killer bee (D:5)
1 creature vanquished.

Vanquished Creatures (others)
  A killer bee (D:5)
1 creature vanquished.

Grand Total: 184 creatures vanquished

Notes
Turn   | Place    | Note
--------------------------------------------------------------
     0 | D:1      | PolkaDot, the Vampire Enchanter, began the quest for the Orb.
     0 | D:1      | Reached XP level 1. HP: 13/13 MP: 3/3
   245 | D:1      | Reached XP level 2. HP: 8/19 MP: 1/4
   512 | D:1      | Learned a level 2 spell: Ensorcelled Hibernation
   607 | D:1      | Reached skill level 1 in Ice Magic
   888 | D:1      | Reached XP level 3. HP: 24/24 MP: 6/6
   893 | D:1      | Learned a level 3 spell: Confuse
  1280 | D:2      | Found a shadowy altar of Dithmenos.
  1281 | D:2      | Found a bloodstained altar of Trog.
  1281 | D:2      | Found a blossoming altar of Fedhas.
  1302 | D:2      | Found a white marble altar of Elyvilon.
  1498 | D:2      | Reached XP level 4. HP: 30/30 MP: 4/7
  1594 | D:2      | Reached skill level 5 in Hexes
  1995 | D:2      | Reached skill level 5 in Stealth
  2297 | D:3      | Reached XP level 5. HP: 35/35 MP: 0/9
  2389 | D:3      | Reached skill level 6 in Hexes
  2977 | D:4      | Noticed Ijyb
  2982 | D:4      | Killed Ijyb
  3007 | D:5      | Entered Level 5 of the Dungeon
  3142 | D:5      | Reached XP level 6. HP: 30/41 MP: 0/10
  3155 | D:5      | Reached skill level 7 in Hexes
  3319 | D:5      | Noticed a sky beast
  3340 | D:5      | Killed a sky beast
  3636 | D:5      | Noticed a phantom
  3643 | D:5      | Killed a phantom
  3643 | D:5      | Reached skill level 8 in Hexes
  3643 | D:5      | Reached XP level 7. HP: 31/46 MP: 12/12
  4226 | D:5      | Learned a level 4 spell: Enslavement
  4606 | D:5      | Reached skill level 5 in Short Blades
  4606 | D:5      | Reached skill level 9 in Hexes
  4905 | D:6      | Reached XP level 8. HP: 52/52 MP: 13/13
  5404 | D:6      | Found a basalt altar of Yredelemnul.
  5426 | D:6      | Reached skill level 10 in Hexes
  5428 | D:6      | Found a glowing golden altar of the Shining One.
  5522 | D:6      | Found a staircase to the Ecumenical Temple.
  5526 | Temple   | Entered the Ecumenical Temple
  5747 | Temple   | Became a worshipper of Kikubaaqudgha
  5863 | D:6      | Noticed notcluie's ghost (experienced TeHu)
  5926 | D:6      | Killed notcluie's ghost
  6877 | D:4      | Noticed Bloax's ghost (weakling VSGl)
  6892 | D:4      | Killed Bloax's ghost
  8428 | D:7      | Found a glowing golden altar of the Shining One.
  8617 | D:7      | Reached skill level 10 in Stealth
  8632 | D:7      | Reached skill level 11 in Hexes
  8632 | D:7      | Reached XP level 9. HP: 57/57 MP: 9/14
  8673 | D:7      | Found a flagged portal.
  8698 | Bailey   | Entered a bailey
  8873 | Bailey   | Acquired Kikubaaqudgha's first power
  8873 | Bailey   | Received a gift from Kikubaaqudgha
  8874 | Bailey   | Identified Kikubaaqudgha's Disquisition on Darkness {god gift} (Kikubaaqudgha gifted it to you in a bailey)
  9075 | Bailey   | Reached skill level 1 in Evocations
  9147 | Bailey   | Noticed an orc knight
  9173 | Bailey   | Killed an orc knight
  9186 | Bailey   | Slain by a gnoll

Action                   |  1- 3 |  4- 6 |  7- 9 || total
-------------------------+-------+-------+-------++-------
Melee: Dagger            |    55 |   128 |   244 ||   427
 Cast: Corona            |     7 |       |     1 ||     8
       Ensorcelled Hiber |     9 |    46 |    95 ||   150
       Confuse           |       |     3 |    16 ||    19
       Enslavement       |       |       |     2 ||     2
  Use: Scroll            |       |     7 |     5 ||    12
       Potion            |       |     1 |     2 ||     3
 Stab: Sleeping          |    12 |    41 |    79 ||   132
       Confused          |       |     5 |    10 ||    15
       Distracted        |       |       |     3 ||     3
  Eat: Corpse            |       |       |     1 ||     1
